 Dungeon Crawl Stone Soup version 0.21-a0-508-gf08a75f (webtiles) character file.

526 Ijustatesigmund the Fighter (level 7, -12/74 HPs)
             Began as a Hill Orc Artificer on Nov 28, 2017.
             Mangled by an orc warrior
             ... wielding a +0 mace
              (15 damage)
             ... on level 4 of the Dungeon.
             The game lasted 00:13:17 (4789 turns).

Ijustatesigmund the Fighter (Hill Orc Artificer)    Turns: 4789, Time: 00:13:19

Health: -12/74     AC:  5    Str: 15    XL:     7   Next: 23%
Magic:  9/9        EV: 12    Int: 11    God:
Gold:   156        SH:  0    Dex: 13    Spells: 6/6 levels left

rFire    . . .     SeeInvis .   a - +0 short sword (holy)
rCold    . . .     Gourm    .   (no shield)
rNeg     . . .     Faith    .   b - +0 ring mail
rPois    .         Spirit   .   (no helmet)
rElec    .         Reflect  .   (no cloak)
rCorr    +         Harm     .   (no gloves)
MR       .....                  (no boots)
Stlth    +.........             (no amulet)
HPRegen  0.22/turn              m - ring of resist corrosion
MPRegen  0.11/turn              (no ring)

@: flying, slowed, very slow
A: no striking features
a: no special abilities


You were on level 4 of the Dungeon.
You were not hungry.

You visited 1 branch of the dungeon, and saw 4 of its levels.

You collected 156 gold pieces.

Inventory:

Hand Weapons
 a - a +0 short sword of holy wrath (weapon)
Armour
 b - a +0 ring mail (worn)
Jewellery
 m - a ring of resist corrosion (left hand)
Wands
 c - a wand of flame (10)
 d - a wand of enslavement (3)
 e - a wand of random effects (14)
 k - a wand of polymorph (16)
Scrolls
 h - a scroll of teleportation
Potions
 l - a potion of haste
Books
 j - a book of Misfortune

   Spells                             Type                      Level
   a - Confusing Touch                Hexes                        1
   b - Confuse                        Hexes                        3
   c - Gell's Gravitas                Translocation                3
   d - Petrify                        Transmutation/Earth          4
   e - Metabolic Englaciation         Hexes/Ice                    5
   f - Yara's Violent Unravelling     Hexes/Transmutation          5
Comestibles
 f - a bread ration
 i - a meat ration


   Skills:
 - Level 11.1 Fighting
 - Level 1.0 Short Blades
 + Level 3.7 Armour
 + Level 3.3 Dodging
 - Level 0.7 Stealth
 - Level 3.0 Evocations


You had 6 spell levels left.
You didn't know any spells.

Dungeon Overview and Level Annotations

Branches:
Dungeon (4/15)
 Temple: D:4-7

Altars:


Message History

You are too injured to fight recklessly!
The orc warrior hits you with a mace!
* * * LOW HITPOINT WARNING * * *
You hit the orc wizard but do no damage.
The orc wizard is severely wounded.
The orc wizard casts a spell.
The orc wizard blinks!
The orc wizard hits you but does no damage.
The orc hits you with a falchion.
* * * LOW HITPOINT WARNING * * *
The orc warrior hits you with a mace!
* * * LOW HITPOINT WARNING * * *
The orc wizard hits you but does no damage.
It was a potion of flight.
You feel very buoyant.
You fly up into the air.
The orc wizard closely misses you. The orc hits you with a falchion.
* * * LOW HITPOINT WARNING * * *
The orc warrior hits you with a mace!
You die...

*,,,,,,, *,,,,,,,
*****#*,,,,,,, *,,,..**,,,,,*
*,,...**,,,,,* *,....,,,,,,,,
####.....*,,,,,,,
######ooZo....*,,,,,,,
#...o@o#*,,,,,**,,,,,*
#.######*,,,,,,,,,,,** **
#...# *,,,,,******** ,****
###.### *,,,..,,,,,,,, ,,,,**
#...####...#******** ***,,*
###......#,****** #
**,**####**#....#####,,,,,,**
# *,,,...##...##..# ******,,*
###*****#....#####.# **,***


You could see an orc warrior, an orc wizard, 3 orcs and a hound skeleton.

Vanquished Creatures
  A phantom (D:4)
  An ogre (D:4)
  A hound (D:4)
  2 orc wizards
  An iguana (D:4)
  A worker ant (D:4)
  4 adders
  3 oozes
  A worm (D:3)
  2 dart slugs (D:1)
  2 leopard geckos
  13 orcs
  4 giant cockroaches
  7 hobgoblins
  8 jackals
  A quokka (D:2)
  6 bats
  3 frilled lizards
  10 goblins
  12 kobolds
  5 rats
  7 toadstools (D:1)
95 creatures vanquished.

Vanquished Creatures (collateral kills)
  A scorpion (D:3)
  2 orc wizards
  A bat (D:1)
4 creatures vanquished.

Vanquished Creatures (others)
  A hound (D:4)
  4 orcs
  A jackal (D:1)
  7 toadstools (D:1)
13 creatures vanquished.

Grand Total: 112 creatures vanquished

Notes
Turn   | Place    | Note
-------+----------+-------------------------------------------
     0 | D:1      | Ijustatesigmund the Hill Orc Artificer began the quest for the Orb.
     0 | D:1      | Reached XP level 1. HP: 16/16 MP: 3/3
    88 | D:1      | Reached skill level 2 in Fighting
   246 | D:1      | Reached XP level 2. HP: 7/25 MP: 4/4
   700 | D:1      | Reached skill level 3 in Fighting
   960 | D:1      | Reached skill level 11 in Fighting
   960 | D:1      | Reached XP level 3. HP: 47/47 MP: 5/5
  1001 | D:1      | Reached XP level 4. HP: 46/55 MP: 6/6
  1802 | D:2      | Reached skill level 1 in Armour
  2356 | D:3      | Reached XP level 5. HP: 58/60 MP: 7/7
  3097 | D:4      | Noticed an orc warrior
  3179 | D:4      | Noticed an ogre
  3576 | D:3      | Reached XP level 6. HP: 22/68 MP: 8/8
  4197 | D:4      | Noticed a phantom
  4241 | D:4      | Killed a phantom
  4282 | D:4      | Reached XP level 7. HP: 43/74 MP: 9/9
  4789 | D:4      | HP: 3/74 [orc/falchion (1)]
  4789 | D:4      | Mangled by an orc warrior

Vault maps used:
D:1:      nagdon_arrival_zigzag_paths, grunt_decor_cap, st_stairs_14
D:3:      kennysheep_nondescript, minmay_misc_feat_chi
D:4:      gammafunk_temple_overflow_statue

Skill      XL: |  1  2  3  4  5  6 |
---------------+-------------------+-----
Fighting       | 2 11 | 11.1
Armour         | 1 2 3 |  3.7
Dodging        | 2 3 |  3.3
Short Blades   | |  1.0
Stealth        | |  0.7
Evocations     | |  3.0

Action                   |  1- 3 |  4- 6 |  7- 9 || total
-------------------------+-------+-------+-------++-------
Melee: Short sword       |   101 |   243 |    62 ||   406
       Flail             |       |    33 |       ||    33
Evoke: Wand              |     5 |     9 |     4 ||    18
  Use: Scroll            |     1 |    10 |       ||    11
       Potion            |     1 |     3 |     2 ||     6
 Stab: Sleeping          |       |     1 |       ||     1
  Eat: Chunk             |       |     6 |       ||     6
       Royal jelly       |       |     1 |       ||     1
       Fruit             |       |     4 |       ||     4
       Bread ration      |       |       |     1 ||     1
Armor: Leather armour    |    30 |    20 |       ||    50
       Ring mail         |       |    54 |    19 ||    73
Dodge: Dodged            |    75 |   194 |    24 ||   293

Table legend:
 A = Spawn XP
 B = Non-spawn XP
 C = Spawn XP percentage of total XP
 D = Spawn monster count
 E = Non-spawn monster count
 F = Spawn count percentage of total count
 G = Total turns spent on level
                    A         B        C        D         E        F      G
               +---------+---------+-------+---------+---------+-------+---------
         Total |       0 |     713 |   0.0 |       0 |      92 |   0.0 |  4789
               +---------+---------+-------+---------+---------+-------+---------
           D:1 |       0 |      62 |   0.0 |       0 |      33 |   0.0 |  1485
           D:2 |       0 |      54 |   0.0 |       0 |      21 |   0.0 |   955
           D:3 |       0 |     171 |   0.0 |       0 |      23 |   0.0 |  1554
           D:4 |       0 |     426 |   0.0 |       0 |      15 |   0.0 |   795
               +---------+---------+-------+---------+---------+-------+---------
